 Seeded DCSS version 0.30.1-3-gfc49f6343a (webtiles) character file.

Game seed: 1607288259308109930 (custom seed)

61 CInkIbrahim the Slasher (level 3, 27/27 HPs)
             Began as a Vampire Gladiator on July 20, 2023.
             Was an Initiate of Dithmenos.
             Quit the game on level 3 of the Dungeon.
             The game lasted 00:02:03 (1333 turns).

CInkIbrahim the Slasher (Vampire Gladiator)         Turns: 1333, Time: 00:02:04

Health: 27/27      AC:  5    Str: 13    XL:     3   Next: 83%
Magic:  3/3        EV: 13    Int: 10    God:    Dithmenos [......]
Gold:   73         SH:  0    Dex: 17    Spells: 2/2 levels left

rFire   . . .        a - +0 long sword
rCold   . . .        (no shield)
rNeg    . . .        b - +0 leather armour
rPois   +            h - +2 hat
rElec   .            (no cloak)
rCorr   .            (no gloves)
SInv    +            (no boots)
Will    .....        (no amulet)
Stlth   +            k - ring of poison resistance
HPRegen 0.44/turn    (no ring)
MPRegen 0.08/turn

%: no passive effects
@: healing quickly
A: alive, fangs 3, see invisible, vampiric 2
a: Exsanguinate, Renounce Religion


You were on level 3 of the Dungeon.
You worshipped Dithmenos.
Dithmenos was noncommittal.
You visited 1 branch of the dungeon, and saw 3 of its levels.

You collected 73 gold pieces.

Inventory:

Hand Weapons
 a - a +0 long sword (weapon)
Missiles
 d - 3 throwing nets (quivered)
 e - a javelin
Armour
 b - a +0 leather armour (worn)
 c - a +0 helmet
 h - a +2 hat (worn)
Jewellery
 k - a ring of poison resistance (left hand)
 o - a ring of fire
Scrolls
 f - a scroll of identify {unknown}
 j - a scroll of brand weapon {unknown}
 l - a scroll of teleportation {unknown}
 m - a scroll of enchant weapon {unknown}
 n - a scroll of noise {unknown}
Potions
 g - a potion of brilliance {unknown}
 i - 2 potions of lignification {unknown}


   Skills:
 - Level 1.7 Fighting
 + Level 4.8 Long Blades
 - Level 1.5 Throwing
 - Level 3.2 Dodging


You had 2 spell levels left.
You didn't know any spells.
Your spell library contained the following spells:

 Spells                   Type           Power      Damage    Failure   Level
 Freeze                   Ice            0%         1d3       43%         1
 Kiss of Death            Conj/Necr      0%         2d5       43%         1
 Confusing Touch          Hex            0%         N/A       82%         3
 Frozen Ramparts          Ice            0%         1d1       82%         3
 Hailstorm                Conj/Ice       0%         3d3       82%         3
 Animate Dead             Necr           0%         N/A       99%         4
 Dispel Undead            Necr           0%         3d6       99%         4
 Haunt                    Necr/Summ      0%         N/A       100%        7
 Infestation              Necr           0%         N/A       100%        8


Dungeon Overview and Level Annotations

Branches:
Dungeon (3/15)

Altars:
Dithmenos

Shops:
D:1 ::[:!


Innate Abilities, Weirdness & Mutations

Your natural rate of healing is accelerated.
You have razor-sharp teeth.
You have supernaturally acute eyesight. (SInv)
You are afflicted with vampirism and can become a bat while bloodless.


Message History

A kobold is nearby!
The kobold hits you with a +0 short sword.
A kobold is nearby!
You barely miss the kobold. The kobold hits you but does no damage.
A kobold is nearby!
You slash the kobold!
You kill the kobold!
Dithmenos accepts your kill.
Things that are here:
a +0 short sword; 3 stones; a kobold corpse A kobold comes into view.
It is wielding a +0 short sword.
The kobold moves out of view.
No target in view!
The kobold shouts!
A kobold is nearby!
The kobold throws a stone.
The stone barely misses you.
A kobold is nearby!
A kobold is nearby!
You barely miss the kobold. You bite the kobold.
The kobold is moderately wounded.
The kobold hits you with a +0 short sword.
A kobold is nearby!
You closely miss the kobold.
The kobold is moderately wounded.
The kobold hits you with a +0 short sword.
A kobold is nearby!
You closely miss the kobold.
The kobold is moderately wounded.
The kobold barely misses you.
A kobold is nearby!
You slash the kobold!
You kill the kobold!
Dithmenos accepts your kill.
You now have 73 gold pieces (gained 7).
Things that are here:
a +0 short sword; 3 stones An endoplasm comes into view.
The endoplasm quivers.
An endoplasm is nearby!
Are you sure you want to abandon this character and quit the game? (Confirm with "yes".)

#............###.#
#.########.......# #.# #.#)##..#
#.# #.......# #.# ####....#
#########.# #.......########
........#.# #.................
#######.#.#.#########..#.########
#.#.#...J.@......#....)....
#.#.############.##########
#................#
#########.##############
..........# ###########


You could see an endoplasm.

Vanquished Creatures
  2 adders (D:2)
  2 worms
  2 dart slugs (D:2)
  5 endoplasms
  A giant cockroach (D:1)
  2 goblins
  3 hobgoblins (D:2)
  2 jackals (D:2)
  3 kobolds
  4 ball pythons
  2 bats (D:1)
  A frilled lizard (D:1)
  5 rats
34 creatures vanquished.

Vanquished Creatures (others)
  A bat (D:2)
1 creature vanquished.

Grand Total: 35 creatures vanquished

Notes
Turn   | Place    | Note
-------+----------+-------------------------------------------
     0 | D:1      | CInkIbrahim the Vampire Gladiator began the quest for the
                  | Orb.
     0 | D:1      | Reached XP level 1. HP: 16/16 MP: 1/1
    44 | D:1      | Found Iroihad's Distillery.
   154 | D:1      | Reached XP level 2. HP: 22/22 MP: 2/2
   290 | D:1      | Found Biweimas's Book Shop.
   301 | D:1      | Found Zijei's Book Emporium.
   323 | D:1      | Found Hirutzo's Armour Shoppe.
   372 | D:1      | Found Dutofyhu's Book Shoppe.
   488 | D:2      | Reached skill level 4 in Long Blades
   530 | D:2      | Gained mutation: You are afflicted with vampirism and can
                  | become a bat while bloodless. [Vampire growth]
   530 | D:2      | Reached XP level 3. HP: 18/27 MP: 3/3
   628 | D:2      | Found a shadowy altar of Dithmenos.
   649 | D:2      | Became a worshipper of Dithmenos the Shadowed
  1105 | D:3      | Found a faded altar of an unknown god.
  1333 | D:3      | Quit the game

Illustrated notes

Levels and vault maps discovered:
D:1:      onia_arrival_handbag, layout_rooms, serial_shops, shop,
          nicolae_shop_crystal, shop, nicolae_shop_pleasant_corner_grove,
          nicolae_shop_tiny_glass
D:2:      layout_rooms, basic_altar, minmay_hedge_maze, minmay_misc_feat_alley,
          nrook_campfire
D:3:      layout_basic, nicolae_ecumenical_oubliette,
          gammafunk_ghost_nasty_kobolds

Skill      XL: |  1  2 |
---------------+-------+-----
Long Blades    | 4 |  4.8
Fighting       | |  1.7
Throwing       | |  1.5
Dodging        | |  3.2

Action                     || total
---------------------------++-------
  Melee: Long sword        ||    99
         Bite              ||    12
         Punch             ||     1
    Use: Scroll            ||     1
   Stab: Sleeping          ||     1
 Armour: Leather armour    ||    40
  Dodge: Dodged            ||    60
